 Dungeon Sprint DCSS version 0.15-a0-1403-g2cecdf4 (webtiles) character file.

329 PolkaDot the Covert (level 6, -3/44 HPs)
             Began as a Vampire Assassin on June 11, 2014.
             Slain by Sonja
             ... wielding a cursed -3 blowgun
              (7 damage)
             ... in the Dungeon (Sprint I: "Red Sonja").
             The game lasted 00:05:19 (311 turns).

PolkaDot the Covert (Vampire Assassin)               Turns: 311, Time: 00:05:20

HP  -3/44        AC  3     Str 10      XL: 6   Next: 25%
MP   6/6         EV 12     Int 13      God:
Gold 205         SH  0     Dex 17      Spells:  0 memorised,  5 levels left

rFire  . . .     SeeInvis +     a - +2 dagger
rCold  . . .     Clarity  .     c - +0 robe
rNeg   + . .     rCorr    .     (no shield)
rPois  .         rRot     .     (no helmet)
rElec  .         Spirit   .     d - +0 cloak
SustAb .         Warding  .     (no gloves)
rMut   .         NoTele   +     (no boots)
Gourm  .                        (no amulet)
MR     .....                    (no ring)
                                (no ring)

@: very slightly contaminated, slowed, very slow, not resistant to hostile
enchantments, very stealthy
A: bottle blood, fangs 3, see invisible, unbreathing
a: Bat Form, Bottle Blood


You were in the Dungeon.
You were not thirsty.

You visited 1 branch You collected 205 gold pieces.

Inventory:

Hand weapons
 a - a +2,+2 dagger (weapon)
 b - a +0 blowgun
Missiles
 e - a poisoned needle
 f - 2 curare-tipped needles
Armour
 c - a +0 robe (worn)
 d - a +0 cloak (worn)
Scrolls
 m - a scroll of blinking
Potions
 g - a potion of blood {@w2}
 h - a potion of curing
 k - 2 potions of magic
 l - a potion of berserk rage


   Skills:
 - Level 1.7 Fighting
 + Level 8.3 Short Blades
 + Level 6.3 Throwing
 - Level 1.1 Dodging
 * Level 13.5 Stealth


You had 5 spell levels left.
You didn't know any spells.

Dungeon Overview and Level Annotations

Branches:
Dungeon (1/1)

Altars:
Elyvilon
Gozag
Kikubaaqudgha
Makhleb
Nemelex Xobeh
Okawaru
Qazlal
Sif Muna
Trog
Vehumet
Xom
Yredelemnul
Zin
The Shining One

Shops:
D =

Annotations:
D Sonja


Innate Abilities, Weirdness & Mutations

You can bottle blood from corpses.
You have razor-sharp teeth.*
You have supernaturally acute eyesight.
You can survive without breathing.*


Message History

Sonja is lightly wounded.
Sonja barely misses you. x2
Sonja hits you with a blowgun.
* * * LOW HITPOINT WARNING * * *
You miss Sonja.
Sonja is lightly wounded.
Sonja gestures wildly while chanting.
Sonja blinks!
Sonja casts a spell.
Sonja blinks!
Sonja mumbles some strange words.
Sonja blinks!
Sonja says, "Someone hired me to kill you, but I'm not supposed to say who."
There is a stormy altar of Qazlal, spattered with blood here.
You miss Sonja.
Sonja is lightly wounded.
Sonja barely misses you. Sonja hits you with a blowgun.
* * * LOW HITPOINT WARNING * * *
Sonja barely misses you. Sonja hits you with a blowgun!
You die...

################
#<.#.['..#.)'..#
#..'..#.)'..#..+
#..#####'#####'#
#..####..#...#(#
#..#__####..##.#
#..#_..._##'#..+
#⌠⌠#_.∩..(+..._#
####_..K@##§(#+#
#_____###+#
#########.##
+$.$+ #$.$#
##(## #+#


You could see Sonja.

Vanquished Creatures
  A yak (D)
  An ogre (D)
  Sigmund (D)
  A jelly (D)
  Ijyb (D)
5 creatures vanquished.

Notes
Turn   | Place    | Note
--------------------------------------------------------------
     0 | D        | PolkaDot, the Vampire Assassin, began the quest for the Orb.
     0 | D        | Reached XP level 1. HP: 16/16 MP: 1/1
     2 | D        | Noticed Ijyb
    12 | D        | Killed Ijyb
    12 | D        | Reached skill level 7 in Stealth
    12 | D        | Reached XP level 2. HP: 13/22 MP: 2/2
   115 | D        | Noticed an ogre
   117 | D        | Killed an ogre
   117 | D        | Reached skill level 9 in Stealth
   117 | D        | Reached XP level 3. HP: 24/27 MP: 3/3
   117 | D        | Reached XP level 4. HP: 29/33 MP: 4/4
   149 | D        | Noticed Sigmund
   151 | D        | Killed Sigmund
   151 | D        | Reached skill level 5 in Throwing
   151 | D        | Reached skill level 11 in Stealth
   151 | D        | Reached XP level 5. HP: 38/38 MP: 5/5
   164 | D        | Found a deep blue altar of Sif Muna.
   165 | D        | Noticed a jelly
   166 | D        | Found a radiant altar of Vehumet.
   173 | D        | Killed a jelly
   215 | D        | Found Nothepey's Jewellery Emporium.
   215 | D        | Found a white marble altar of Elyvilon.
   215 | D        | Found a stormy altar of Qazlal.
   215 | D        | Found a basalt altar of Yredelemnul.
   215 | D        | Found an iron altar of Okawaru.
   215 | D        | Found a sparkling altar of Nemelex Xobeh.
   215 | D        | Found a shimmering altar of Xom.
   215 | D        | Found an ancient bone altar of Kikubaaqudgha.
   215 | D        | Noticed a yak
   216 | D        | Found a burning altar of Makhleb.
   216 | D        | Found a glowing golden altar of the Shining One.
   216 | D        | Found an opulent altar of Gozag.
   216 | D        | Found a glowing silver altar of Zin.
   217 | D        | Killed a yak
   217 | D        | Reached skill level 13 in Stealth
   217 | D        | Reached XP level 6. HP: 40/44 MP: 6/6
   218 | D        | Found a bloodstained altar of Trog.
   227 | D        | Noticed Sonja
   311 | D        | Slain by Sonja

Action                   |  1- 3 |  4- 6 || total
-------------------------+-------+-------++-------
Melee: Dagger            |    10 |    34 ||    44
 Fire: Blowgun           |       |    10 ||    10
  Use: Potion            |       |     4 ||     4
 Stab: Sleeping          |     2 |     2 ||     4
